 Dungeon Crawl Stone Soup version 0.20.0-7-g3b7b877 (webtiles) character file.

527 kuniqs the Ducker (level 7, -2/35 HPs)
             Began as a Vine Stalker Earth Elementalist on May 29, 2017.
             Slain by a gnoll
             ... wielding a +0 halberd
              (10 damage)
             ... on level 6 of the Dungeon.
             The game lasted 00:06:16 (4245 turns).

kuniqs the Ducker (Vine Stalker Earth Elementalist) Turns: 4245, Time: 00:06:17

Health: -2/35      AC:  5    Str: 13    XL:     7   Next: 23%
Magic:  0/11       EV: 10    Int: 15    God:
Gold:   228        SH:  9    Dex: 14    Spells: 9/10 levels left

rFire    + . .     SeeInvis .   t - +0 falchion (pain)
rCold    . . .     Gourm    .   y - +2 shield
rNeg     . . .     Faith    .   v - +2 leather armour {rF+}
rPois    +         Spirit   +   (no helmet)
rElec    .         Reflect  .   (no cloak)
rCorr    .         Harm     .   (no gloves)
MR       .....                  (no boots)
Stlth    ++........             (no amulet)
Regen    0.6/turn               B - ring of poison resistance
MPRegen  0.2/turn               (no ring)

@: lethally poisoned (-2 -> -2), drained
A: fangs 2, regeneration 1, magic shield, antimagic bite, no potion heal 3, rot
immunity
a: no special abilities


You were on level 6 of the Dungeon.
You were not hungry.

You visited 2 branches of the dungeon, and saw 7 of its levels.

You collected 228 gold pieces.

Inventory:

Hand Weapons
 a - a +0 short sword
 t - a +0 falchion of pain (weapon)
Missiles
 b - 82 stones (quivered)
 C - a throwing net
Armour
 v - a +2 leather armour of fire resistance (worn)
 y - a +2 shield (worn)
Jewellery
 s - an uncursed ring of fire
 B - a ring of poison resistance (left hand)
Scrolls
 c - a scroll of recharging {unknown}
 h - 2 scrolls of amnesia {unknown}
 i - 3 scrolls of enchant weapon {unknown}
 j - 5 scrolls of identify {unknown}
 l - 3 scrolls of teleportation {unknown}
 o - a scroll of random uselessness {unknown}
 p - 3 scrolls of magic mapping {unknown}
 r - a scroll of fog {unknown}
 u - 2 scrolls of immolation {unknown}
 z - a scroll of fear {unknown}
Potions
 f - a potion of magic {unknown}
 g - 2 potions of curing {unknown}
 k - a potion of invisibility {unknown}
 m - a potion of lignification {unknown}
 q - a potion of brilliance {unknown}
 w - 3 potions of ambrosia {unknown}
 x - 3 potions of heal wounds {unknown}
 A - a potion of haste {unknown}
Comestibles
 d - 4 bread rations
 e - 3 meat rations
 n - a royal jelly
 D - 3 chunks of flesh


   Skills:
 + Level 2.9(2.4) Fighting
 + Level 2.7(2.2) Short Blades
 + Level 2.6(2.2) Armour
 + Level 3.5(3.1) Dodging
 - Level 2.4(1.9) Stealth
 + Level 1.2(0.8) Shields
 - Level 2.1(1.7) Spellcasting
   Level 1.0(0.5) Transmutations
 - Level 3.0(2.5) Earth Magic


You had 9 spell levels left.
You knew the following spells:

 Your Spells              Type           Power        Failure   Level  Hunger
a - Sandblast             Erth           #.....       54%         1    ##.....


Dungeon Overview and Level Annotations

Branches:
Dungeon (6/15)             Temple (1/1) D:4

Altars:
Ashenzari
Cheibriados
Dithmenos
Elyvilon
Fedhas
Gozag
Kikubaaqudgha
Makhleb
Nemelex Xobeh
Okawaru
Qazlal
Ru
Sif Muna
Trog
Vehumet
Xom
Yredelemnul
Zin
The Shining One

Annotations:
D:2 1 runed door
D:5 Dowan; Hasart's ghost, novice OgWz


Innate Abilities, Weirdness & Mutations

You have extremely sharp teeth.
Your natural rate of healing is unusually fast.
When hurt, damage is shared between your health and your magic reserves.
Your bite disrupts and absorbs the magic of your enemies.
Potions cannot restore your health.
You are immune to rotting.


Message History

The jackal bites you but does no damage.
The wight closely misses you. The worker ant bites you.
The gnoll hits you but does no damage. The jackal bites you.
You hit the wight but do no damage. Your bite misses the wight.
You block the worker ant's attack.
The jackal bites you but does no damage.
You block the wight's attack. The gnoll closely misses you.
The worker ant barely misses you.
The jackal bites you but does no damage.
You barely miss the wight. You bite the wight, but do no damage.
You feel sick. The gnoll barely misses you. You block the wight's attack.
The worker ant barely misses you.
You riposte.
You barely miss the worker ant. You bite the worker ant. You drain its power.
You feel invigorated.
The worker ant is lightly wounded.
The jackal bites you but does no damage.
You hit the wight but do no damage. You block the jackal's attack.
The worker ant bites you.
* * * LOW HITPOINT WARNING * * *
The gnoll hits you from afar with a halberd!
You die...

####### #......
#...... ### #......
..# #...... #####.#
#...... #...#.#
#...... #h#.#.#
#....<.
#@ag#.######......
##z$....[.))......
#....#.#######.####
#....#.# .....
#....#.# .....###
#....#.##.......
#....#.##......#
#....#.##......#
#z...#.####.##.#


You could see a worker ant, a wight, a gnoll and a jackal.

Vanquished Creatures
  3 ogres
  A scorpion (D:5)
  A wight (D:6)
  5 gnolls (D:6)
  5 adders
  2 oozes
  2 dart slugs (D:4)
  3 leopard geckos
  4 orcs (D:4)
  2 ball pythons
  3 giant cockroaches
  9 goblins
  9 hobgoblins
  3 jackals
  A quokka (D:4)
  10 bats
  4 frilled lizards
  A jackal skeleton (D:2)
  A jackal zombie (D:2)
  10 kobolds
  A kobold skeleton (D:2)
  10 rats
  A fungus (D:1)
91 creatures vanquished.

Notes
Turn   | Place    | Note
-------+----------+-------------------------------------------
     0 | D:1      | kuniqs the Vine Stalker Earth Elementalist began the quest for the Orb.
     0 | D:1      | Reached XP level 1. HP: 9/9 MP: 4/4
   373 | D:1      | Reached XP level 2. HP: 14/14 MP: 6/6
   569 | D:1      | Reached skill level 1 in Fighting
   619 | D:1      | Reached XP level 3. HP: 11/18 MP: 2/7
   705 | D:1      | Reached skill level 1 in Armour
  1576 | D:2      | Reached skill level 1 in Short Blades
  1576 | D:2      | Gained mutation: Your natural rate of healing is unusually fast. [Vine Stalker growth]
  1576 | D:2      | Reached XP level 4. HP: 18/22 MP: 5/8
  1876 | D:2      | Found a runed door.
  1876 | D:2      | Noticed a human
  1886 | D:2      | Found a basalt altar of Yredelemnul.
  2027 | D:3      | Noticed an ogre
  2033 | D:3      | Killed an ogre
  2033 | D:3      | Reached XP level 5. HP: 26/26 MP: 3/9
  2226 | D:3      | Found a shimmering altar of Xom.
  2304 | D:3      | Found a shimmering altar of Xom.
  2306 | D:3      | Found a shimmering altar of Xom.
  2307 | D:3      | Found a shimmering altar of Xom.
  2480 | D:3      | Found a shimmering altar of Xom.
  2480 | D:3      | Found a shimmering altar of Xom.
  3201 | D:4      | Noticed an ogre
  3208 | D:4      | Killed an ogre
  3208 | D:4      | Reached XP level 6. HP: 31/32 MP: 3/10
  3239 | D:4      | Found a staircase to the Ecumenical Temple.
  3261 | Temple   | Entered the Ecumenical Temple
  3474 | D:4      | Found a blossoming altar of Fedhas.
  3897 | D:5      | Entered Level 5 of the Dungeon
  3983 | D:5      | Noticed Dowan
  4047 | D:5      | Noticed Hasart's ghost (novice OgWz)
  4162 | D:6      | Reached skill level 1 in Shields
  4162 | D:6      | Reached XP level 7. HP: 26/35 MP: 6/11
  4245 | D:6      | Slain by a gnoll

Skill      XL: |  1  2  3  4  5  6 |
---------------+-------------------+-----
Dodging        | 2 3 |  3.5
Fighting       | 1 2 |  2.9
Armour         | 1 2 |  2.6
Short Blades   | 1 2 |  2.7
Shields        | 1 |  1.2
Stealth        | |  2.4
Spellcasting   | |  2.1
Transmutations | |  1.0
Earth Magic    | |  3.0

Action                   |  1- 3 |  4- 6 |  7- 9 || total
-------------------------+-------+-------+-------++-------
Melee: Hand axe          |     8 |       |       ||     8
       Short sword       |   108 |    79 |       ||   187
       Bite              |    23 |    40 |     9 ||    72
       Falchion          |       |    41 |    29 ||    70
 Cast: Sandblast         |    28 |    22 |       ||    50
 Stab: Sleeping          |     4 |     2 |       ||     6
       Distracted        |       |     1 |       ||     1
  Eat: Chunk             |     3 |     8 |     1 ||    12
Armor: Robe              |    12 |       |       ||    12
       Ring mail         |    39 |    14 |       ||    53
       Leather armour    |       |    20 |    10 ||    30
Dodge: Dodged            |    78 |    83 |    15 ||   176
Block: Shield            |       |    29 |    18 ||    47
       Rpst.: Falchion   |       |     7 |     2 ||     9
